Map: Jagannatha LE

Players

Throwfordays - Winner!

  • Race: Zerg Zerg
  • League: Silver

Leshdaddy

  • Race: Protoss Protoss
  • League: Gold

VOD

Have the link to the VOD?

Description

Time

  • Played on: Aug. 27, 2021, 1:04 p.m.
  • Length: 3:25
Show
View Real Time Build Order
Export as new Build Order

Throwfordays Zerg - Winner!

Build Orders: Pool First 

Get SALT Encoding   

  12  0:18  Spawning Pool  
  11  0:22  Drone  
  11  0:27  Drone  
  13  0:35  Overlord  
  13  0:42  Drone  
  14  1:05  Zergling x2  
  14  1:06  Zergling x4  
  14  1:08  Queen  
  19  1:22  Zergling x2  
  20  1:37  Drone  
  21  1:41  Hatchery  
  20  1:50  Zergling x2  
  20  1:51  Zergling x2  
  21  2:32  Zergling x2  
  21  2:35  Overlord x2  
Show
View Real Time Build Order
Export as new Build Order

Leshdaddy Protoss 

Build Orders:  

Get SALT Encoding   

  12  0:01  Probe (Chrono Boost)  
  13  0:11  Probe (Chrono Boost)  
  14  0:21  Pylon  
  14  0:23  Probe  
  15  0:29  Assimilator  
  15  0:39  Probe  
  16  0:51  Probe  
  16  0:54  Pylon  
  17  1:03  Gateway, Probe  
  18  1:15  Probe  
  19  1:27  Probe  
  19  1:39  Pylon, Probe  
  20  1:40  Pylon  
  20  1:41  Pylon  
  20  1:49  Zealot (Chrono Boost)  
  20  1:51  Probe  
  23  2:03  Probe  
  24  2:10  Cybernetics Core  
  23  2:27  Gateway  
  23  2:35  Cybernetics Core  
  23  2:43  Pylon  
  23  2:50  Pylon  
  23  2:51  Pylon  
  23  2:57  Pylon x2  
Tags
 
Add a new tag
Caveats
  • Supply blocks, unpowered buildings, or Contaminate may cause inaccurate times.
  • Supply counts are checked every 10 seconds.